Map: Invader LE

Players

capac - Winner!

  • Race: Terran Terran
  • League: Gold

A.I. 1 (Elite)

  • Race: Terran Terran

VOD

Have the link to the VOD?

Description

Time

  • Played on: April 4, 2016, 9:54 a.m.
  • Length: 10:21
Show
View Real Time Build Order
Export as new Build Order

capac Terran - Winner!

Build Orders:  

Get SALT Encoding   

  12  0:01  SCV  
  13  0:13  SCV  
  14  0:18  Supply Depot  
  14  0:25  SCV  
  15  0:40  SCV  
  16  0:43  Barracks  
  16  0:48  Refinery  
  16  0:52  SCV  
  17  1:04  SCV  
  18  1:16  SCV  
  19  1:28  SCV  
  20  1:33  Reaper  
  20  1:39  Command Center  
  21  1:44  Orbital Command  
  21  1:58  Supply Depot  
  21  2:09  Marine  
  22  2:17  Factory  
  22  2:19  Refinery, SCV  
  23  2:26  Barracks  
  23  2:36  Barracks Reactor  
  23  2:40  SCV  
  24  2:52  SCV  
  25  3:01  Orbital Command  
  25  3:05  Factory Tech Lab  
  25  3:06  Starport  
  25  3:07  SCV  
  26  3:17  Barracks Tech Lab  
  26  3:25  Engineering Bay  
  26  3:26  SCV x2  
  28  3:34  Siege Tank  
  31  3:38  SCV x2  
  33  3:47  Marine x2  
  35  3:50  Marine  
  36  3:56  Supply Depot, Medivac  
  38  4:03  Barracks  
  38  4:04  SCV  
  38  4:05  SCV  
  40  4:17  SCV x2  
  40  4:21  Supply Depot, Refinery, Marine x2  
  40  4:22  Marine  
  45  4:34  Siege Tank  
  45  4:35  Medivac  
  45  4:36  SCV x2  
  52  4:39  Marine x2  
  52  4:42  Marine  
  52  4:45  Supply Depot  
  55  4:48  SCV  
  55  4:51  Stimpack  
  56  5:07  Barracks  
  56  5:08  Starport Reactor  
  56  5:09  Barracks Reactor  
  56  5:10  Marine x3  
  56  5:11  SCV x2  
  61  5:15  Supply Depot  
  61  5:23  SCV x2  
  61  5:25  Siege Tank  
  66  5:29  Refinery  
  66  5:35  SCV x2  
  68  5:36  Marine x3  
  71  5:43  Terran Infantry Weapons Level 1, Supply Depot  
  71  5:47  SCV x2  
  73  5:54  Marine x3  
  73  5:56  Barracks Reactor  
  76  5:59  SCV x2  
  76  6:00  Supply Depot  
  78  6:04  Siege Tank  
  81  6:11  SCV x2  
  81  6:12  Marine  
  81  6:13  Marine x2  
  86  6:22  Marine x2, Medivac x2  
  86  6:23  Supply Depot x2  
  92  6:33  Marine x2  
  92  6:39  Liberator  
  94  6:41  Liberator  
  94  6:44  Marine x3  
  94  6:45  Siege Tank  
  100  6:49  Supply Depot  
  100  7:00  Marine  
  100  7:01  Marine x3  
  110  7:11  SCV  
  110  7:12  SCV  
  112  7:16  Supply Depot, Marine, Command Center  
  113  7:35  Marine x4  
  113  7:36  Marine  
  118  7:37  Marine x2  
  118  7:38  Supply Depot, Terran Infantry Armor Level 1  
  118  7:40  Supply Depot  
  120  7:58  Marine x5  
  116  7:59  Marine x2  
  112  8:16  Marine x5  
  117  8:29  Marine x2  
  117  8:34  Marine x2  
  119  9:04  Marine  
  119  9:05  Marine x6  
  126  9:10  Supply Depot  
  126  9:13  Engineering Bay  
  126  9:16  Armory  
  126  9:19  Orbital Command  
  126  9:42  Refinery  
  126  9:43  Supply Depot  
  126  9:44  Refinery, SCV x2  
  128  9:45  Marine x2  
  128  9:46  Marine x5  
  128  9:47  Siege Tank  
  144  9:56  SCV x2  
Show
View Real Time Build Order
Export as new Build Order

A.I. 1 (Elite) Terran 

Build Orders: MMM Bio 

Get SALT Encoding   

  12  0:00  SCV  
  13  0:13  SCV  
  14  0:20  Supply Depot  
  14  0:25  SCV  
  15  0:41  SCV  
  16  0:44  Barracks  
  16  0:53  SCV  
  17  1:05  SCV  
  18  1:17  Supply Depot  
  18  1:18  SCV  
  19  1:23  Refinery  
  19  1:30  SCV  
  19  1:32  Marine  
  21  1:42  SCV  
  22  1:49  Marine  
  22  1:51  Barracks  
  24  1:54  SCV  
  24  1:56  Refinery  
  24  2:03  Supply Depot  
  24  2:06  Orbital Command  
  24  2:07  Marine  
  25  2:25  Marine  
  26  2:31  SCV  
  27  2:43  Marine, SCV  
  29  2:54  Marine  
  29  2:55  SCV  
  29  2:57  Factory  
  31  3:01  Marine  
  32  3:08  SCV  
  32  3:12  Marine  
  33  3:13  Barracks  
  33  3:18  Marine  
  35  3:20  SCV  
  36  3:31  Barracks Tech Lab  
  36  3:32  SCV  
  37  3:37  Supply Depot, Barracks Tech Lab  
  37  3:43  Factory Tech Lab  
  37  3:44  SCV  
  38  3:56  SCV, Stimpack  
  38  3:59  Marine x2  
  41  4:03  Combat Shields  
  41  4:08  SCV  
  42  4:20  SCV  
  42  4:21  Supply Depot  
  43  4:27  Supply Depot  
  43  4:32  SCV  
  43  4:35  Command Center  
  44  4:39  Marauder, Barracks Reactor  
  44  4:43  Marauder  
  44  4:44  Engineering Bay, SCV  
  49  4:56  SCV  
  50  5:00  Marine  
  50  5:04  Engineering Bay, Marauder  
  53  5:11  Terran Infantry Weapons Level 1  
  53  5:17  Starport  
  53  5:18  Marine  
  54  5:23  Marine  
  54  5:26  Marauder  
  57  5:30  Terran Infantry Armor Level 1  
  57  5:32  Supply Depot  
  57  5:35  Marine  
  58  5:36  Marauder  
  60  5:46  Marine, SCV  
  60  5:47  Marauder, SCV  
  65  5:54  Medivac  
  67  5:58  Marauder  
  67  5:59  Orbital Command, SCV  
  70  6:08  Marauder  
  70  6:11  SCV  
  73  6:16  Concussive Shells  
  73  6:18  Missile Turret  
  73  6:19  Marauder  
  73  6:20  Missile Turret  
  73  6:23  SCV  
  73  6:24  Medivac  
  73  6:25  Supply Depot, SCV  
  79  6:30  Marauder  
  81  6:39  Command Center  
  81  6:41  SCV  
  81  6:42  SCV  
  81  6:45  Marauder  
  85  6:49  Supply Depot  
  85  6:53  Marauder  
  87  6:57  Barracks  
  87  6:58  Starport Reactor  
  87  7:02  Marine  
  87  7:03  Marine  
  87  7:06  Marine  
  90  7:13  Marine  
  91  7:16  Supply Depot  
  91  7:21  Missile Turret  
  91  7:24  Marauder  
  93  7:31  Refinery  
  93  7:32  Marauder  
  93  7:34  Viking, Armory, Medivac  
  99  7:39  Refinery  
  99  7:41  Supply Depot  
  99  7:51  SCV  
  99  7:52  SCV x2  
  99  7:55  Marine  
  80  7:59  Marine  
  80  8:03  SCV  
  80  8:04  Marine, SCV  
  59  8:10  Marine  
  48  8:15  Marine x2, SCV  
  19  9:05  SCV  
  14  9:11  SCV  
  14  9:14  Marine x3  
  18  9:17  SCV  
  18  9:31  SCV  
  10  9:43  SCV  
  7  9:55  Barracks Tech Lab  
  6  10:07  SCV  
Tags
 
Composition
MMM Bio
League
Gold
Matchup
TvT
Race
Terran
Add a new tag
Caveats
  • Supply blocks, unpowered buildings, or Contaminate may cause inaccurate times.
  • Supply counts are checked every 10 seconds.